cohdb
Replays
Latest Replays
All Replays
Popular Replays
Top Player Replays
Match Explorer
How It Works
Community
CoH3 Stats
Reddit
Sign in to upload your games and track your stats! →
Sign in with Steam
Match 39116905
Unlisted
Match 39116905
Overview
Messages
Build Orders
End
Panzergrenadier Squad
Selects Battlefield Espionage Battlegroup
Selects Sector Subterfuge Beacon
Panzergrenadier Squad
Panzergrenadier Squad
Construct Light Support Kompanie
Selects 250/3 Funkpanzerwagen
250 Light Carrier
Fire Support Elements
Flakvierling Half-track
MG34 Team
2.5-tonne Medical Truck
Selects Anti-Tank Incendiary Munitions
Pak 38 Mechanized Group
Construct Panzerarmee Kommand
Veteran Squad Leaders
Emergency Repair Kits
Selects Transfer Depots
Selects Plunder
Vehicle Survival Package
Armored Reserves
Panzergrenadier Squad
Tiger Heavy Tank
Selects Firestorm
Selects Operation Skorpion
Mirliva Fevzi Pasa
RustyNails
Bruistablet
MonikaのPants
0
0
Comments
sign in to comment!
No comments posted yet!